 Dungeon Crawl Stone Soup version 0.28-a0-1143-gcf6077d4cc (webtiles) character file.

Game seed: 17321464585239180496

5958 ducksouse the Twirler (level 10, -11/81 (84) HPs)
             Began as a Grey Draconian Transmuter on Dec 13, 2021.
             Was a Believer of Vehumet.
             Engulfed by their own flame (25 damage)
             ... on level 9 of the Dungeon.
             The game lasted 01:01:51 (12594 turns).

ducksouse the Twirler (Grey Draconian Transmuter)  Turns: 12594, Time: 01:01:52

HP:   -11/81 (84)   AC:  2    Str: 12    XL:     10   Next: 54%
MP:   14/14         EV: 21    Int: 15    God:    Vehumet [**....]
Gold: 410           SH:  0    Dex: 20    Spells: 0/15 levels left

rFire   . . .      SeeInvis .     - Unarmed
rCold   + . .      Faith    .   (shield currently unavailable)
rNeg    . . .      Spirit   .   (armour unavailable)
rPois   x          Reflect  .   (helmet currently unavailable)
rElec   .          Harm     .   (cloak currently unavailable)
rCorr   +          Rampage  .   (gloves currently unavailable)
Will    .....                   (boots currently unavailable)
Stlth   +++.......              P - amulet of magic regeneration
HPRegen 0.23/turn               a - ring of resist corrosion
MPRegen 0.54/turn               h - ring of protection from cold

@: spider-form (expiring), lightly drained
A: venomous fangs, AC +12, (amphibious), tiny, unfitting armour, (cold-blooded)
a: End Transformation, Renounce Religion


You were on level 9 of the Dungeon.
You worshipped Vehumet.
Vehumet was pleased with you.
You were a venomous arachnid creature.
You visited 2 branches of the dungeon, and saw 10 of its levels.

You collected 410 gold pieces.

Inventory:

Hand Weapons
 j - a +1 antimagic halberd
 l - a +4 quarterstaff of chaos (melded)
 n - a +2 mace of protection
 t - a +0 arbalest
 v - a +0 shortbow
 E - a +5 long sword
 I - a +3 dagger of venom
Missiles
 g - 46 bolts
 x - 144 arrows
 A - 3 boomerangs
 F - 4 javelins
 G - 7 poisoned darts (quivered)
 K - 2 throwing nets
 M - 38 stones
Armour
 m - a +2 cloak (melded)
 B - a +0 pair of boots (melded)
 L - +0 steam dragon scales
 N - a +0 pair of gloves (melded)
Jewellery
 a - a ring of resist corrosion (left front leg)
 h - a ring of protection from cold (right front leg)
 P - an amulet of magic regeneration (around neck)
Wands
 s - a wand of paralysis (4)
 w - a wand of acid (1)
 D - a wand of digging (4)
 O - a wand of polymorph (5)
Scrolls
 d - 4 scrolls of amnesia
 r - a scroll of torment {unknown}
 u - a scroll of immolation {unknown}
 y - a scroll of noise {unknown}
 z - a scroll of brand weapon {unknown}
 C - a scroll of fog
 H - a scroll of teleportation
 R - a scroll of enchant weapon {unknown}
Potions
 b - 3 potions of curing
 c - a potion of degeneration {unknown}
 e - a potion of attraction {unknown}
 f - a potion of berserk rage {unknown}
 i - a potion of heal wounds {unknown}
 k - 3 potions of resistance
 o - 2 potions of might {unknown}
 p - a potion of lignification {unknown}
 q - 4 potions of mutation
 J - 2 potions of flight {unknown}
 Q - a potion of cancellation {unknown}


   Skills:
 * Level 6.4 Fighting
 - Level 2.2 Short Blades
 + Level 7.1 Staves
 * Level 7.0 Throwing
 + Level 3.7 Dodging
 + Level 4.8 Stealth
 - Level 3.5 Unarmed Combat
 + Level 3.2 Spellcasting
 + Level 4.7 Summonings
 * Level 3.3 Transmutations
 * Level 1.4 Ice Magic
 * Level 1.7 Earth Magic
 * Level 2.8 Evocations


You couldn't memorise any spells.
You knew the following spells:

 Your Spells              Type           Power      Damage    Failure   Level
a - Beastly Appendage     Tmut           24%        N/A       14%         1
b - Wereblood             Tmut           12%        N/A       21%         2
c - Summon Small Mammal   Summ           64%        N/A       10%         1
d - Summon Guardian Gole  Hex/Summ       9%         N/A       43%         3
e - Sandblast             Erth           14%        2d6       24%         1
f - Spider Form           Tmut/Pois      7%         N/A       50%         3
g - Ice Form              Ice/Tmut       9%         N/A       78%         4

Your spell library contained the following spells:

 Spells                   Type           Power      Damage    Failure   Level
 Scorch                   Fire           4%         2d5       52%         2
 Animate Skeleton         Necr           4%         N/A       41%         1
 Apportation              Tloc           4%         N/A       41%         1
 Ensorcelled Hibernation  Hex/Ice        8%         N/A       43%         2
 Tukima's Dance           Hex            2%         N/A       73%         3
 Summon Lightning Spire   Summ/Air       9%         N/A       78%         4
 Passage of Golubria      Tloc           2%         N/A       97%         4
 Silence                  Hex/Air        1%         N/A       100%        5
 Orb of Destruction       Conj           1%         N/A       100%        7
 Spellforged Servitor     Conj/Summ      4%         N/A       100%        7
 Storm Form               Tmut/Air       3%         N/A       100%        7
 Lehudib's Crystal Spear  Conj/Erth      2%         10d2      100%        8
 Maxwell's Capacitive Co  Air            1%         ∞         100%        8


Dungeon Overview and Level Annotations

Branches:
Dungeon (9/15)             Temple (1/1) D:4
   Lair: D:8-11         Orc: D:9-12

Altars:
Ashenzari
Cheibriados
Dithmenos
Elyvilon
Fedhas
Gozag
Hepliaklqana
Kikubaaqudgha
Makhleb
Nemelex Xobeh
Okawaru
Qazlal
Ru
Sif Muna
Trog
Uskayaw
Vehumet
Wu Jian
Xom
Yredelemnul
Zin
The Shining One


Innate Abilities, Weirdness & Mutations

You are a venomous arachnid creature.
You have poisonous fangs.
You are tiny and dextrous.
Your spellcasting is less reliable in this form.
Your armour is entirely melded.
You are incapable of wielding weapons or throwing items.
((Your dull iron-grey scales are very hard. (AC +12)))
((You are amphibious.))
You cannot fit into any form of body armour.
((You are cold-blooded and may be slowed by cold attacks.))


Message History

You hit the yak.
The yak is moderately wounded.
The yak gores your guardian golem. The yak barely misses you.
You hit the yak.
The yak looks as sick as possible!
The yak is moderately wounded.
The yak gores your guardian golem! The yak misses you.
You completely miss the yak.
The yak is moderately wounded.
The yak barely misses you. The yak gores you.
You hit the yak but do no damage.
The yak looks as sick as possible!
The yak is heavily wounded.
The yak gores your guardian golem but does no damage.
The yak gores your guardian golem.
You hit the yak.
The yak looks as sick as possible!
The yak is severely wounded.
Your guardian golem overheats!
The yak gores your guardian golem! Flame seeps out of your guardian golem.
You hit the yak.
The yak looks as sick as possible!
The yak is almost dead.
Your transformation is almost over.
The yak misses you.
Your guardian golem is engulfed in blazing flames.
Flame seeps out of your guardian golem.
You hit the yak.
You kill the yak!
Vehumet accepts your kill. The yak closely misses you.
Your guardian golem is engulfed in blazing flames.
Flame seeps out of your guardian golem.
Your Throwing skill increases to level 7!
Your guardian golem is engulfed in blazing flames.
Your guardian golem disappears in a puff of smoke!
Your guardian golem explodes!
The fiery explosion engulfs the yak!!
The fiery explosion engulfs the yak!
The fiery explosion engulfs you!!
* * * LOW HITPOINT WARNING * * *
You hear a shout!
Items here: )) [[ ††.
You are engulfed in blazing flames.
You die...

...........# #....#
...........# #....#
.......<...# #[...#
......Y)...# #....####
#.....Y....# #........
#.....oY...# #........
....Y......#####........
..............YY§.......
..............§.s.....##
..............§§§.....#
..(....##########.....#
.......# ###### ......##


You could see 2 yaks.

Vanquished Creatures
  A shadow (D:6)
  A wyvern (D:7)
  13 yaks
  A steam dragon (D:7)
  A warg (D:9)
  Menkaure (D:6)
  A water moccasin (D:6)
  Duvessa (D:6)
  An orc warrior (D:9)
  2 sky beasts
  A black bear (D:5)
  4 ogres
  A black bear (shapeshifter) (D:4)
  A necrophage (D:5)
  A phantom (D:4)
  3 centaurs
  3 bullfrogs
  A wyvern zombie (D:6)
  A scorpion (D:4)
  A water moccasin zombie (D:5)
  A wyvern skeleton (D:6)
  Dowan (D:6)
  12 wights
  6 howler monkeys
  An electric eel (D:6)
  A hound (D:5)
  2 jellies
  2 centaur skeletons
  A gnoll shaman (D:6)
  5 orc priests
  Crazy Yiuf (D:2)
  2 iguanas
  5 orc wizards
  3 hound skeletons
  A mummy (D:7)
  7 gnolls
  8 adders
  A shadow imp (D:7)
  2 white imps (D:6)
  An adder skeleton (D:4)
  2 worms
  3 dart slugs
  13 orcs
  6 endoplasms
  A giant cockroach (D:3)
  6 goblins
  8 hobgoblins
  3 quokkas
  9 ball pythons
  5 bats
  3 frilled lizards
  4 kobolds
  5 rats
171 creatures vanquished.

Vanquished Creatures (collateral kills)
  An adder (D:4)
1 creature vanquished.

Vanquished Creatures (others)
  2 fungi (D:2)
  3 plants (D:2)
5 creatures vanquished.

Grand Total: 177 creatures vanquished

Notes
Turn   | Place    | Note
-------+----------+-------------------------------------------
     0 | D:1      | ducksouse the Draconian Transmuter began the quest for the
                  | Orb.
     0 | D:1      | Reached XP level 1. HP: 16/16 MP: 3/3
    54 | D:1      | Found a faded altar of an unknown god.
   368 | D:1      | Reached XP level 2. HP: 23/23 MP: 5/5
   448 | D:1      | Learned a level 2 spell: Wereblood
   450 | D:1      | Learned a level 1 spell: Summon Small Mammal
  1978 | D:2      | Found a shimmering altar of Xom.
  2079 | D:2      | Reached XP level 3. HP: 25/28 MP: 6/6
  2124 | D:2      | Reached skill level 1 in Throwing
  2235 | D:2      | Found a runed translucent door.
  2236 | D:2      | Noticed Crazy Yiuf
  2522 | D:2      | Killed Crazy Yiuf
  2523 | D:2      | Reached skill level 1 in Summonings
  2523 | D:2      | Reached XP level 4. HP: 11/35 MP: 7/7
  3287 | D:3      | Reached skill level 1 in Staves
  3647 | D:4      | Found a staircase to the Ecumenical Temple.
  3653 | Temple   | Entered the Ecumenical Temple
  3682 | Temple   | Became a worshipper of Vehumet
  3687 | Temple   | Learned a level 3 spell: Summon Guardian Golem
  3829 | D:4      | Noticed a scorpion
  3833 | D:4      | Killed a scorpion
  3834 | D:4      | Reached XP level 5. HP: 22/40 MP: 5/8
  4071 | D:4      | Noticed a phantom
  4103 | D:4      | Reached skill level 1 in Stealth
  4103 | D:4      | Found a glowing golden altar of the Shining One.
  4108 | D:4      | Noticed an ogre
  4215 | D:4      | Killed a phantom
  4461 | D:4      | Reached XP level 6. HP: 48/48 MP: 9/9
  4513 | D:4      | Noticed a shapeshifter
  4513 | D:4      | a scorpion changed into a shapeshifter
  4513 | D:4      | Noticed a golden eye
  4513 | D:4      | a shapeshifter changed into a golden eye
  5408 | D:3      | Your scales start taking on a dull iron-grey colour.
  5408 | D:3      | Reached XP level 7. HP: 56/56 MP: 6/10
  5484 | D:5      | Entered Level 5 of the Dungeon
  5768 | D:5      | Reached * piety under Vehumet
  5768 | D:5      | Offered knowledge of Sandblast by Vehumet.
  5769 | D:5      | Reached XP level 8. HP: 23/63 MP: 8/11
  6085 | D:4      | Learned a level 1 spell: Sandblast
  6367 | D:5      | Found a burning altar of Makhleb.
  6660 | D:6      | Reached skill level 5 in Staves
  6745 | D:6      | Noticed Duvessa
  6759 | D:6      | Killed Duvessa
  6759 | D:6      | Noticed Dowan
  6769 | D:6      | Killed Dowan
  7230 | D:6      | Reached skill level 5 in Throwing
  7488 | D:6      | Found a shimmering altar of Xom.
  7517 | D:6      | Noticed Menkaure
  7543 | D:6      | Killed Menkaure
  7678 | D:6      | Reached XP level 9. HP: 23/72 MP: 13/13
  7902 | D:6      | Learned a level 3 spell: Spider Form
  7976 | D:6      | Reached skill level 1 in Short Blades
  8387 | D:6      | Found a shimmering blue altar of Sif Muna.
  8388 | D:6      | Found a sacrificial altar of Ru.
  8732 | D:7      | Found an ancient bone altar of Kikubaaqudgha.
  9573 | D:7      | Reached skill level 5 in Fighting
  9708 | D:7      | Offered knowledge of Scorch by Vehumet.
 10142 | D:8      | Reached ** piety under Vehumet
 10145 | D:8      | Reached skill level 1 in Evocations
 10164 | D:8      | Reached XP level 10. HP: 17/83 MP: 14/14
 11044 | D:8      | Learned a level 4 spell: Ice Form
 11135 | D:8      | Reached skill level 1 in Earth Magic
 11454 | D:8      | Reached skill level 1 in Ice Magic
 12594 | D:9      | Engulfed by their own flame

Illustrated notes

Levels and vault maps discovered:
D:1:      wheals_arrival_shading, layout_loops_corners,
          dreamdust_ecumenical_altar_grove
D:2:      layout_loops_ring, basic_altar, minmay_shallow_snake_nest,
          uniq_crazy_yiuf_cottage
D:3:      layout_loops_cross, dk_vineyard_1
D:4:      layout_loops_ring, mainiacjoe_overflow_catwalk,
          minmay_temple_entry_mist
D:5:      layout_cave_pools, makhleb_blood_cavern_becter
D:6:      nicolae_cairo_tiling_very_big, layout_basic, xom_teletrap_fun,
          nicolae_overflow_squiral, uniq_menkaure, uniq_duvessa
D:7:      layout_rooms, kiku_gazebo_pond_becter, gup_ossuary_entry_pyramid
D:8:      layout_basic, minmay_liquid_box
D:9:      layout_irregular_city, erik_orc_4, nicolae_benzene_ring
Temple:   regret_index_temple_sphere_string

Skill      XL: |  1  2  3  4  5  6  7  8  9 10 |
---------------+-------------------------------+-----
Throwing       | 1 2 3 5 6 7 |  7.0
Dodging        | 2 3 |  3.7
Summonings     | 1 2 3 4 |  4.7
Staves         | 1 3 4 5 6 7 |  7.1
Stealth        | 1 2 4 |  4.8
Fighting       | 2 3 4 5 6 |  6.4
Short Blades   | 2 |  2.2
Spellcasting   | 3 |  3.2
Evocations     | 1 2 |  2.8
Transmutations | 3 |  3.3
Earth Magic    | 1 |  1.7
Ice Magic      | 1 |  1.4
Unarmed Combat | |  3.5

Action                   |  1- 3 |  4- 6 |  7- 9 | 10-12 || total
-------------------------+-------+-------+-------+-------++-------
Melee: Unarmed           |    50 |       |       |    10 ||    60
       Tailslap          |     4 |    11 |    24 |    15 ||    54
       Kick              |     3 |     2 |    15 |    19 ||    39
       Headbutt          |     1 |     1 |     9 |    13 ||    24
       Punch             |     1 |       |       |       ||     1
       Quarterstaff      |       |    93 |   216 |   128 ||   437
       Dagger            |       |       |    20 |       ||    20
Throw: Javelin           |    51 |    31 |    15 |       ||    97
       Dart              |       |       |    36 |    16 ||    52
       Boomerang         |       |       |    14 |       ||    14
       Throwing net      |       |       |     3 |       ||     3
 Cast: Beastly Appendage |     5 |     2 |    10 |     6 ||    23
       Summon Small Mamm |     2 |     4 |       |       ||     6
       Wereblood         |     1 |     1 |     5 |     4 ||    11
       Summon Guardian G |       |       |     3 |     1 ||     4
       Spider Form       |       |       |       |     1 ||     1
Evoke: Wand              |       |     5 |     3 |       ||     8
  Use: Scroll            |       |       |    10 |     2 ||    12
       Potion            |       |       |     3 |       ||     3
 Stab: Paralysed         |       |    14 |     3 |       ||    17
       Sleeping          |       |     2 |     1 |       ||     3
       Confused          |       |       |     1 |       ||     1
Armor: Skin              |    15 |    28 |   144 |    60 ||   247
Dodge: Dodged            |    38 |    40 |   198 |    89 ||   365

Table legend: (Time is in decaauts)
 A = Elapsed time spent in this place.
 B = Non-inter-level travel time spent in this place.
 C = Inter-level travel time spent in this place.
 D = Time resting spent in this place.
 E = Time spent auto-exploring this place.
 F = Levels seen in this place.
 G = Mean time per level.
                   A        B        C        D        E       F      G
               +--------+--------+--------+--------+--------+-----+--------+
         Total |  12680 |  11307 |   1373 |   3310 |   2755 |  10 | 1268.0 |
       Dungeon |  12509 |  11171 |   1338 |   3310 |   2633 |   9 | 1389.9 |
        Temple |    170 |    135 |     35 |      0 |    122 |   1 |  170.0 |
               +--------+--------+--------+--------+--------+-----+--------+

Top non-repeatable levels by time:
     D:8: 2472 daAuts
     D:6: 2089 daAuts
     D:4: 1618 daAuts
     D:2: 1610 daAuts
     D:7: 1304 daAuts
     D:1: 1286 daAuts
     D:5: 1094 daAuts
     D:3: 926 daAuts
  Temple: 170 daAuts
     D:9: 107 daAuts
